 Dungeon Crawl Stone Soup version 0.22-a0-322-g60b3cfd (webtiles) character file.

109 sankara the Sneak (level 4, 0/27 HPs)
             Began as an Octopode Ice Elementalist on Apr 2, 2018.
             Slain by a worm (3 damage)
             ... on level 3 of the Dungeon.
             The game lasted 00:07:46 (3039 turns).

sankara the Sneak (Octopode Ice Elementalist)       Turns: 3039, Time: 00:07:47

Health: 0/27       AC:  1    Str:  7    XL:     4   Next: 90%
Magic:  7/8        EV: 13    Int: 18    God:
Gold:   114        SH:  0    Dex: 12    Spells: 4/8 levels left

rFire    . . .     SeeInvis .   a - +0 dagger
rCold    . . .     Gourm    .   (no shield)
rNeg     . . .     Faith    .   (helmet restricted)
rPois    .         Spirit   .   (no amulet)
rElec    .         Reflect  .   (no ring)
rCorr    .         Harm     .   (no ring)
MR       .....                  (no ring)
Stlth    ++++......             (no ring)
HPRegen  0.09/turn              (no ring)
MPRegen  0.11/turn              (no ring)
                                (no ring)
                                (no ring)

@: drained
A: almost no armour, stealthy swim, amphibious, 8 rings, constrict 8, camouflage
1, gelatinous body 1
a: no special abilities


You were on level 3 of the Dungeon.
You were not hungry.

You visited 1 branch of the dungeon, and saw 3 of its levels.

You collected 114 gold pieces.

Inventory:

Hand Weapons
 a - a +0 dagger (weapon)
   (You took it off a goblin on level 2 of the Dungeon)
 b - a +0 short sword of draining
   (You took it off Robin on level 2 of the Dungeon)
 c - a +0 hunting sling
   (You found it on level 1 of the Dungeon)
 m - a cursed +0 dagger
   (You found it on level 3 of the Dungeon)
Missiles
 j - 92 stones (quivered)
 n - 13 sling bullets
Wands
 d - a wand of flame (11)
   (You took it off Robin on level 2 of the Dungeon)
Scrolls
 f - a scroll of enchant armour {unknown}
 g - 3 scrolls of remove curse {unknown}
 i - a scroll of fog {unknown}
 k - 3 scrolls of teleportation {unknown}
 r - 3 scrolls of identify {unknown}
Potions
 h - a potion of heal wounds
 o - a potion of flight {unknown}
 q - a potion of curing {unknown}
Comestibles
 e - 7 rations
 l - a chunk of flesh {@w0}


   Skills:
 - Level 2.1(1.8) Dodging
 * Level 5.2(4.9) Stealth
 + Level 2.7(2.5) Spellcasting
   Level 1.0(0.7) Conjurations
 + Level 3.7(3.4) Ice Magic


You had 4 spell levels left.
You knew the following spells:

 Your Spells              Type           Power        Failure   Level  Hunger
a - Freeze                Ice            ##..         4%          1    #......
b - Ozocubu's Armour      Chrm/Ice       #.......     26%         3    ###....


Dungeon Overview and Level Annotations

Branches:
Dungeon (3/15)

Altars:
Fedhas
Nemelex Xobeh


Innate Abilities, Weirdness & Mutations

You cannot wear most types of armour.
You are very stealthy in the water. (Stealth+)
You are amphibious.
You can wear up to eight rings at the same time.
You can use your tentacles to constrict eight enemies at once.
Your skin changes colour to match your surroundings (Stealth+).
Your rubbery body absorbs attacks. (AC +1, EV +1)


Message History

The adder poisons you! The orc barely misses you.
You barely miss the adder. Your grab misses the adder.
The adder is almost dead.
You feel sick. The adder bites you.
You miss the adder. Your grab misses the adder.
You kill the adder!
The orc hits you with a hand axe!
* * * LOW HITPOINT WARNING * * *
It was a potion of heal wounds.
You feel much better.
You feel sick. The orc barely misses you.
Casting: Freeze (safe; 4% risk of failure)
Confirm with . or Enter, or press ? or * to list all spells.
Aiming: Freeze (safe; 4% risk of failure)
Press: ? - help, Shift-Dir - straight line, f - orc
Aim: an orc, wielding a hand axe and wearing a leather armour (heavily wounded)
You freeze the orc.
You kill the orc!
You feel sick.
Things that are here:
a hand axe; a leather armour There isn't anything to butcher here.
You see here a short sword.
There isn't anything to butcher here.
l - a chunk of flesh {@w0} You see here a whip of flaming.
You feel sick.
You start resting.
Eating a chunk of flesh {@w0}.
You eat the chunk of flesh {@w0}.
This raw flesh tastes terrible.
You feel sick.
Your magical contamination has completely faded away.
You start resting.
You feel sick. x2
You are no longer poisoned.
You start resting.
Magic restored.
HP restored.
Things that are here:
a leather armour; an orc corpse A bat comes into view.
A bat is nearby!
Found a leather armour.
Found a stone staircase leading up.
The helpless bat fails to defend itself.
You puncture the bat!
You kill the bat!
No target in view!
You see here a bat corpse.
You butcher the bat corpse.
l - a chunk of flesh {@w0} You see here a bat skeleton.
You now have 114 gold pieces (gained 11).
Found a stone staircase leading down.
A hobgoblin comes into view.
Found a runed dagger and a scroll labeled ZIBLIT LAP TUOSID.
Found a sparkling altar of Nemelex Xobeh.
A worm comes into view.
You hit the hobgoblin. Your grab misses the hobgoblin.
The hobgoblin is moderately wounded.
The hobgoblin barely misses you.
You hit the hobgoblin. You grab the hobgoblin.
The hobgoblin is heavily wounded.
You constrict the hobgoblin. The hobgoblin barely misses you.
You hit the hobgoblin but do no damage.
The hobgoblin is severely wounded.
You constrict the hobgoblin, but do no damage.
The hobgoblin hits you.
You hit the hobgoblin.
You kill the hobgoblin!
Casting: Freeze (safe; 4% risk of failure)
Confirm with . or Enter, or press ? or * to list all spells.
You miscast Ozocubu's Armour.
You are very lightly contaminated with residual magic.
You hear a crackling sound.
Casting: Ozocubu's Armour (safe; 26% risk of failure)
Confirm with . or Enter, or press ? or * to list all spells.
A film of ice covers your body!
You completely miss the worm. You grab the worm. You constrict the worm.
You hit the worm. You squeeze the worm, but do no damage.
The worm is moderately wounded.
You constrict the worm. The worm completely misses you.
You hit the worm but do no damage.
The worm is moderately wounded.
You constrict the worm. You hit the worm but do no damage.
The worm is heavily wounded.
You constrict the worm. The worm bites you.
You hit the worm. You squeeze the worm, but do no damage.
The worm is heavily wounded.
You constrict the worm. The worm bites you!
You are too injured to fight recklessly!
You release your grip on the worm.
Your icy armour cracks and falls away as you move.
Your magical contamination has completely faded away.
The worm bites you!
* * * LOW HITPOINT WARNING * * *
You see here a runed dagger.
m - a runed dagger
There is a sparkling altar of Nemelex Xobeh here.
A hobgoblin comes into view.
The worm bites you.
You die...

#. #g# ###. ######
.....#.[........#
#.##...#...##.#.# . #.#
#.......#.#.# #. #.#
#.......#÷#.# ###
...####.####.<#.....#.###..
.?........@................
......⌠.⌠w.............##.#
......)_...................
......⌠.⌠.....###.###..##.#
.........†.....##.###...[..
..).........##..#.........#
..###.......##.#.####.##..#
. #..?.....#........##...
#..###.#.##..########.#


You could see a worm.

Vanquished Creatures
  Robin (D:2)
  A gnoll (D:1)
  4 adders
  A worm (D:2)
  A leopard gecko (D:1)
  4 orcs (D:3)
  8 goblins
  8 hobgoblins
  4 kobolds (D:1)
  4 bats
  3 frilled lizards (D:2)
  6 rats
45 creatures vanquished.

Notes
Turn   | Place    | Note
-------+----------+-------------------------------------------
     0 | D:1      | sankara the Octopode Ice Elementalist began the quest for the Orb.
     0 | D:1      | Reached XP level 1. HP: 11/11 MP: 3/3
   350 | D:1      | Reached skill level 3 in Stealth
   350 | D:1      | Reached XP level 2. HP: 17/17 MP: 1/5
  1234 | D:2      | Reached XP level 3. HP: 21/21 MP: 6/6
  1258 | D:2      | Learned a level 3 spell: Ozocubu's Armour
  1275 | D:2      | Reached skill level 4 in Stealth
  1790 | D:2      | Noticed Robin
  1820 | D:2      | Reached XP level 4. HP: 27/27 MP: 0/7
  2256 | D:2      | Killed Robin
  2383 | D:2      | Found a blossoming altar of Fedhas.
  2871 | D:3      | Reached skill level 5 in Stealth
  2887 | D:3      | HP: 2/27 [orc/hand axe (8)]
  2980 | D:3      | Found a sparkling altar of Nemelex Xobeh.
  3029 | D:3      | HP: 2/27 [worm (11)]
  3039 | D:3      | Slain by a worm

Vault maps used:
D:1:      dpeg_arrival_chase, roderic_serpentine_path
D:2:      serial_co_window_serial, co_window_paths_a, co_window_paths_b,
          co_window_corner_a, co_window_paths_a, co_window_corner_a,
          co_window_broadway_b, co_window_broadway_a, co_window_broadway_c,
          co_window_corner_b, co_window_unsneaky_path_a, glass_columns_a,
          lemuel_tele_altar, uniq_robin
D:3:      nemelex_xobeh_ov_fountains_minmay, tso_metal_star,
          nicolae_overflow_crystal_walls, first_ration,
          minmay_misc_feat_secret_circle, minmay_goblin_outpost

Skill      XL: |  1  2  3  4 |
---------------+-------------+-----
Stealth        | 3 4 5 |  5.2
Dodging        | |  2.1
Spellcasting   | |  2.7
Conjurations   | |  1.0
Ice Magic      | |  3.7

Action                   |  1- 3 |  4- 6 || total
-------------------------+-------+-------++-------
Melee: Unarmed           |    22 |       ||    22
       Constrict         |    12 |     9 ||    21
       Tentacles         |     5 |     6 ||    11
       Dagger            |    16 |    38 ||    54
 Cast: Freeze            |    23 |    11 ||    34
       Ozocubu's Armour  |     1 |     2 ||     3
  Use: Potion            |       |     1 ||     1
 Stab: Sleeping          |     4 |     7 ||    11
  Eat: Chunk             |     3 |     4 ||     7
Armor: Skin              |     4 |     2 ||     6
Dodge: Dodged            |    27 |    29 ||    56

Table legend:
 A = Spawn XP
 B = Non-spawn XP
 C = Spawn XP percentage of total XP
 D = Spawn monster count
 E = Non-spawn monster count
 F = Spawn count percentage of total count
 G = Total turns spent on level
                    A         B        C        D         E        F      G
               +---------+---------+-------+---------+---------+-------+---------
         Total |       0 |     157 |   0.0 |       0 |      45 |   0.0 |  3039
               +---------+---------+-------+---------+---------+-------+---------
           D:1 |       0 |      35 |   0.0 |       0 |      14 |   0.0 |  1198
           D:2 |       0 |      93 |   0.0 |       0 |      24 |   0.0 |  1610
           D:3 |       0 |      29 |   0.0 |       0 |       7 |   0.0 |   231
               +---------+---------+-------+---------+---------+-------+---------

Vault maps used:
D:1:      dpeg_arrival_chase, roderic_serpentine_path
D:2:      serial_co_window_serial, co_window_paths_a, co_window_paths_b,
          co_window_corner_a, co_window_paths_a, co_window_corner_a,
          co_window_broadway_b, co_window_broadway_a, co_window_broadway_c,
          co_window_corner_b, co_window_unsneaky_path_a, glass_columns_a,
          lemuel_tele_altar, uniq_robin
D:3:      nemelex_xobeh_ov_fountains_minmay, tso_metal_star,
          nicolae_overflow_crystal_walls, first_ration,
          minmay_misc_feat_secret_circle, minmay_goblin_outpost

Table legend:
 A = Turns spent in this place as a percentage of turns spent in the entire game.
 B = Non-inter-level travel turns spent in this place as a percentage of non-inter-level travel turns spent in the entire game.
 C = Inter-level travel turns spent in this place as a percentage of turns spent in this place.
 D = Turns resting spent in this place as a percentage of non-inter-level travel turns spent in this place.
 E = Turns spent auto-exploring this place as a percentage of non-inter-level travel turns spent in this place.
 F = Non-inter-level travel turns spent in this place divided by the number of levels of this place that you've seen.
                   A       B       C       D       E      F
               +-------+-------+-------+-------+-------+----------------------
         Total | 100.0 | 100.0 |   1.6 |  23.6 |  58.3 | 996.7
       Dungeon | 100.0 | 100.0 |   1.6 |  23.6 |  58.3 | 996.7
               +-------+-------+-------+-------+-------+----------------------

Table legend:
 A = Kills in this place as a percentage of kills in entire the game.
 B = Kills by you in this place as a percentage of kills by you in the entire game.
 C = Kills by friends in this place as a percentage of kills by friends in the entire game.
 D = Other kills in this place as a percentage of other kills in the entire game.
 E = Experience gained in this place as a percentage of experience gained in the entire game.
 F = Experience gained in this place divided by the number of levels of this place that you have seen.
                   A       B       C       D       E      F
               +-------+-------+-------+-------+-------+----------------------
         Total | 100.0 | 100.0 |   N/A |   N/A | 100.0 |  52.3
       Dungeon | 100.0 | 100.0 |   N/A |   N/A | 100.0 |  52.3
               +-------+-------+-------+-------+-------+----------------------
